 Dungeon Crawl Stone Soup version 0.31.0-32-g396128a36d (webtiles) character file.

Game seed: 2903305426354294400

5025 H0rd4k the Martial Artist (level 10, -1/68 HPs)
             Began as an Octopode Artificer on Mar 27, 2024.
             Was an Initiate of Gozag.
             Slain by a yak (14 damage)
             ... on level 8 of the Dungeon.
             The game lasted 00:12:21 (9112 turns).

H0rd4k the Martial Artist (Octopode Artificer)      Turns: 9112, Time: 00:12:22

Health: -1/68      AC:  1    Str: 11    XL:     10   Next: 55%
Magic:  14/14      EV: 13    Int: 24    God:    Gozag
Gold:   1171       SH:  0    Dex:  8    Spells: 12/15 levels left

rFire   + .          .
                       - Unarmed
rCold   . . .        (no shield)
rNeg    . . .        (helmet currently unavailable)
rPois   .            (no amulet)
rElec   +            l - ring "Feeraann" {rElec Will+ Int+3 Dex-5}
rCorr   +            n - ring of fire
SInv    .            D - ring "Xumuac" {Ice rElec rCorr Int+3}
Will    +....        E - ring of resist corrosion
Stlth   ++           H - ring of protection from fire
HPRegen 0.31/turn    (no ring)
MPRegen 0.14/turn    (no ring)
                     (no ring)

%: no passive effects
@: beast-form, gold aura, studying Throwing
A: beast (slay +3), almost no armour, amphibious, 8 rings, camouflage 1,
gelatinous body 1, (nimble swimmer 1), tentacles
a: Begin Untransformation, Renounce Religion, Potion Petition, Call Merchant,
Bribe Branch


You were on level 8 of the Dungeon.
You worshipped Gozag.
Gozag was most pleased with you.
You were a hulking beast.
You visited 1 branch of the dungeon, and saw 9 of its levels.

You collected 1212 gold pieces.
You paid 41 gold pieces to Gozag.

Inventory:

Missiles
 c - 4 poisoned darts
 J - a throwing net
Magical Staves
 m - a staff of conjuration
 K - a staff of earth
Jewellery
 l - the ring "Feeraann" (left tentacle) {rElec Will+ Int+3 Dex-5}
   (You found it on level 2 of the Dungeon)

   [ring of willpower]

   Int+3:     It affects your intelligence (+3).
   Dex-5:     It affects your dexterity (-5).
   rElec:     It insulates you from electricity.
   Will+:     It increases your willpower.
 n - a ring of fire (right tentacle)
 D - the ring "Xumuac" (on tentacle) {Ice rElec rCorr Int+3}
   (You found it on level 8 of the Dungeon)

   [ring of ice]

   Ice:       It enhances your ice magic.
   Int+3:     It affects your intelligence (+3).
   rF-:       It makes you vulnerable to fire.
   rC+:       It protects you from cold.
   rElec:     It insulates you from electricity.
   rCorr:     It protects you from acid and corrosion.
 E - a ring of resist corrosion (on tentacle)
 H - a ring of protection from fire (on tentacle)
Talismans
 q - a beast talisman (active)
 u - a flux talisman
Wands
 b - a wand of flame (2) (quivered)
 o - a wand of polymorph (23)
 p - a wand of digging (2)
 v - a wand of paralysis (19)
 G - a wand of iceblast (13)
Scrolls
 d - a scroll of amnesia {unknown}
 e - a scroll of noise {unknown}
 f - 2 scrolls of immolation
 g - 2 scrolls of enchant weapon
 h - a scroll of revelation
 i - a scroll of fear {unknown}
 k - a scroll of identify
 r - a scroll of teleportation
 s - a scroll of silence {unknown}
 w - 2 scrolls of vulnerability {unknown}
 y - 3 scrolls of poison {unknown}
 A - a scroll of enchant armour
 F - 3 scrolls of brand weapon {unknown}
 I - a scroll of acquirement
Potions
 a - 4 potions of curing
 j - 2 potions of haste
 t - 2 potions of mutation {unknown}
 x - a potion of heal wounds {unknown}
 z - 2 potions of attraction {unknown}
 B - a potion of experience {unknown}
 C - 3 potions of berserk rage {unknown}


   Skills:
 + Level 5.7 Fighting
 - Level 2.3 Dodging
 - Level 1.3 Stealth
 - Level 11.0 Unarmed Combat
 * Level 3.0 Spellcasting
 * Level 3.2 Ice Magic
 - Level 3.2 Evocations
 * Level 6.4 Shapeshifting


You had 12 spell levels left.
You knew the following spells:

 Your Spells              Type           Power      Damage    Failure   Level
a - Ozocubu's Armour      Ice            29%        N/A       9%          3

Your spell library contained the following spells:

 Spells                   Type           Power      Damage    Failure   Level
 Kiss of Death            Conj/Necr      12%        2d6       11%         1
 Call Imp                 Summ           6%         N/A       16%         2
 Sublimation of Blood     Necr           3%         N/A       16%         2
 Confusing Touch          Hex            3%         N/A       32%         3
 Fugue of the Fallen      Necr           3%         N/A       32%         3
 Stone Arrow              Conj/Erth      6%         3d7       32%         3
 Dispel Undead            Necr           3%         3d7       71%         4
 Manifold Assault         Tloc           3%         N/A       71%         4
 Metabolic Englaciation   Hex/Ice        8%         N/A       83%         5
 Sculpt Simulacrum        Ice/Alch       8%         N/A       100%        6
 Summon Hydra             Summ           1%         N/A       100%        7
 Lehudib's Crystal Spear  Conj/Erth      1%         10d2      100%        8
 Animate Armour           Summ/Erth      Unusable   N/A       N/A         4

Dungeon Overview and Level Annotations

Branches:
Dungeon (9/15)             Temple (0/1) D:7
   Lair: D:8-11         Orc: D:9-12

Altars:
Ashenzari
Elyvilon
Gozag
Kikubaaqudgha
Nemelex Xobeh
Okawaru
Sif Muna
Trog
Yredelemnul
Zin
The Shining One

Shops:
D:5 [

Annotations:
D:3 2 transporters, 1 runed translucent door, exclusion: door, RKaid's ghost, amateur OpSh
D:6 exclusion: downstairs
D:7 exclusion: upstairs
D:8 exclusion: ugly thing


Innate Abilities, Weirdness & Mutations

You are a hulking beast.
Your limbs bulge with bestial killing power. (Slay +3)
You cannot wear most types of armour.
You are amphibious.
You can wear up to eight rings at the same time.
Your skin changes colour to match your surroundings (Stealth+).
Your rubbery body absorbs attacks. (AC +1, EV +1)
((You are camouflaged when in or above water. (Stealth+)))
You have tentacles for arms and can constrict up to eight enemies at once.


Message History

The yak misses you. The yak attacks as it pursues you! The yak gores you.
The yak attacks as it pursues you! The yak completely misses you.
The yak attacks as it pursues you! The yak barely misses you.
You tentacle-slap the yak but do no damage.
You tentacle-slap the yak.
The yak is lightly wounded.
The yak gores you!
You bludgeon the yak!
Your tentacle-slap misses the yak.
Your squeeze misses the yak.
The yak is heavily wounded.
The yak barely misses you.
You tentacle-slap the yak. You squeeze the yak.
The yak is severely wounded.
The yak gores you.
You tentacle-slap the yak.
The yak is almost dead.
You tentacle-slap the yak.
You kill the yak!
Your Spellcasting skill increases to level 3!
Unknown command.
Aiming: Paralyse
Press: ? - help, Shift-Dir - straight line, f - yak
Aim: a yak (chance to affect: 57%)
The yak resists with significant effort.
The yak closely misses you.
Unknown command.
You tentacle-slap the yak. You squeeze the yak.
The yak is moderately wounded.
Aiming: Paralyse
Press: ? - help, Shift-Dir - straight line, f/p - yak
Aim: a yak (moderately wounded, chance to affect: 57%)
The yak resists with significant effort.
The yak gores you!
* * * LOW HITPOINT WARNING * * *
Unknown command.
You tentacle-slap the yak. You squeeze the yak.
The yak is moderately wounded.
The yak gores you!
You die...
Your body crumbles into a pile of gold.

#...###...............#
#.#..##................
#.##.##...............#
#.##..#...............#
#.###.................#
#.# ###...............#
#.# ##..>...........##
#.# #..#.....#.....###
#.# #h###.........####
#.####Y#..Y#####.......
#.)......### #.......
#.......## #......[
#<.....## #####.......
#..)...#####..[)[....u.
#.......)..#.#########.
##.[..####...# ##~~~~##
#.)).# ##..###~~~~~~#


You could see a yak.

Vanquished Creatures
  A two-headed ogre (D:9)
  A deep elf pyromancer (D:7)
  A troll (D:6)
  3 yaks
  A wyvern (D:8)
  An orc warrior (D:8)
  2 black bears
  2 ice beasts
  An ogre (D:6)
  A phantom (D:5)
  2 centaurs (D:6)
  A weeping skull (D:3)
  2 bullfrogs
  A kobold brigand (D:9)
  3 scorpions
  4 killer bees (D:9)
  3 howler monkeys
  5 bombardier beetles
  4 hounds
  3 orc priests
  3 jellies (D:5)
  5 iguanas
  7 orc wizards
  Ijyb (D:5)
  2 sleepcaps (D:7)
  7 adders
  A shadow imp (D:5)
  2 white imps (D:7)
  6 ufetubi
  A ribbon worm (D:5)
  3 dart slugs (D:1)
  22 orcs
  6 bats
  9 endoplasms
  2 giant cockroaches
  6 goblins
  5 hobgoblins
  4 jackals (D:1)
  3 quokkas
  8 ball pythons
  4 frilled lizards
  14 kobolds
  8 rats
  A spectral orc (D:3)
172 creatures vanquished.

Vanquished Creatures (collateral kills)
  A two-headed ogre (D:8)
  An orc priest (D:6)
  A gnoll bouda (D:8)
  An adder (D:5)
  4 gnolls (D:8)
  An orc (D:7)
  A bat (D:3)
10 creatures vanquished.

Vanquished Creatures (others)
  A bullfrog (D:7)
  A jelly (D:7)
2 creatures vanquished.

Grand Total: 184 creatures vanquished

Notes
Turn   | Place    | Note
-------+----------+-------------------------------------------
     0 | D:1      | H0rd4k the Octopode Artificer began the quest for the Orb.
     0 | D:1      | Reached XP level 1. HP: 13/13 MP: 1/1
   134 | D:1      | Reached skill level 1 in Unarmed Combat
   138 | D:1      | Reached XP level 2. HP: 18/18 MP: 2/2
   317 | D:1      | Reached skill level 2 in Unarmed Combat
   378 | D:1      | Reached XP level 3. HP: 23/23 MP: 3/3
  1070 | D:2      | Found a faded altar of an unknown god.
  1146 | D:2      | Reached skill level 3 in Unarmed Combat
  1182 | D:2      | Identified the ring "Feeraann" {rElec Will+ Int+3 Dex-5}
  1302 | D:3      | Noticed a scorpion
  1307 | D:3      | Found a transporter.
  1321 | D:3      | Reached XP level 4. HP: 29/29 MP: 4/4
  1347 | D:3      | Killed a scorpion
  1350 | D:3      | Reached skill level 4 in Unarmed Combat
  1353 | D:3      | Reached XP level 5. HP: 5/34 MP: 5/5
  1473 | D:3      | Found a runed translucent door.
  1569 | D:3      | Found a transporter.
  1589 | D:3      | Found a broken altar of Ashenzari.
  1659 | D:3      | Found an opulent altar of Gozag.
  1724 | D:3      | Became a worshipper of Gozag Ym Sagoz the Greedy
  1807 | D:3      | Found a glowing silver altar of Zin.
  1851 | D:3      | Noticed RKaid's ghost (amateur OpSh)
  1893 | D:3      | Found a basalt altar of Yredelemnul.
  1893 | D:3      | Noticed a weeping skull
  1898 | D:3      | Killed a weeping skull
  1899 | D:3      | Reached skill level 5 in Unarmed Combat
  1899 | D:3      | Reached XP level 6. HP: 40/40 MP: 6/6
  1954 | D:3      | Found a glowing golden altar of the Shining One.
  2418 | D:4      | Found an iron altar of Okawaru.
  2808 | D:4      | Found a sparkling altar of Nemelex Xobeh.
  3333 | D:5      | Entered Level 5 of the Dungeon
  3361 | D:5      | Found Ylatud's Antique Armour Emporium.
  3393 | D:5      | Reached skill level 6 in Unarmed Combat
  3569 | D:5      | Reached XP level 7. HP: 22/45 MP: 7/7
  3998 | D:5      | Reached skill level 1 in Shapeshifting
  4253 | D:5      | Reached skill level 7 in Unarmed Combat
  4326 | D:5      | Noticed Ijyb
  4334 | D:5      | Killed Ijyb
  5082 | D:6      | Reached XP level 8. HP: 45/52 MP: 8/8
  5199 | D:6      | Found a shimmering blue altar of Sif Muna.
  5205 | D:6      | Found a bloodstained altar of Trog.
  5257 | D:6      | Reached skill level 8 in Unarmed Combat
  5378 | D:6      | Found an ancient bone altar of Kikubaaqudgha.
  5378 | D:6      | Found a white marble altar of Elyvilon.
  5549 | D:6      | Noticed a troll
  5752 | D:7      | Reached skill level 9 in Unarmed Combat
  6359 | D:7      | Found a staircase to the Ecumenical Temple.
  6394 | D:7      | Reached XP level 9. HP: 57/58 MP: 9/9
  6741 | D:7      | Noticed a deep elf pyromancer
  6756 | D:8      | Identified the ring "Xumuac" {Ice rElec rCorr Int+3}
  6779 | D:8      | Learned a level 3 spell: Ozocubu's Armour
  6780 | D:8      | Noticed a two-headed ogre
  6793 | D:8      | Noticed a white ugly thing
  6805 | D:8      | Killed a two-headed ogre
  6806 | D:8      | Reached skill level 10 in Unarmed Combat
  7047 | D:6      | Killed a troll
  7056 | D:6      | Reached skill level 5 in Shapeshifting
  7147 | D:6      | Reached skill level 11 in Unarmed Combat
  7721 | D:7      | Killed a deep elf pyromancer
  7722 | D:7      | Reached skill level 5 in Fighting
  7722 | D:7      | Reached skill level 1 in Spellcasting
  7722 | D:7      | Reached skill level 1 in Ice Magic
  7722 | D:7      | Reached XP level 10. HP: 66/66 MP: 9/12
  8477 | D:9      | Noticed a two-headed ogre
  8488 | D:9      | Killed a two-headed ogre
  9082 | D:8      | Identified a scroll of acquirement
  9112 | D:8      | Slain by a yak

Illustrated notes

Levels and vault maps discovered:
D:1:      mrwooster_arrival_statue_3, layout_loops_cross, due_unseen_surprise
D:2:      layout_basic, dreamdust_ecumenical_altar_angels_and_demons,
          st_stairs_6, grunt_ministairs_7
D:3:      gammafunk_wand_slinger, layout_basic,
          pdpol_temple_overflow_zin_treasury_gozag_greed,
          nicolae_tso_swordbearing_angel, yredelemnul_forgotten_temple_becter,
          nicolae_ashenzari_skybound, ebering_ghost_sewer_d, fountainhead,
          minmay_shallow_snake_nest
D:4:      layout_loops_corners, mainiacjoe_overflow_tiny_flanked,
          nemelex_xobeh_ov_fountains_minmay, nicolae_figureground_sparkle
D:5:      layout_gridville, serial_shops, nicolae_shop_tiny_glass, uniq_ijyb
D:6:      minmay_chambers_of_sixes, layout_loops_ring,
          hellmonk_overflow_destroyed_library, gammafunk_temple_overflow_pools
D:7:      layout_cave_pools, temple_pool_b, guppyfry_early_elven_hall
D:8:      cheibrodos_helix_gallery, layout_rooms, kennysheep_little_box
D:9:      layout_roguey, kennysheep_dice

Skill      XL: |  1  2  3  4  5  6  7  8  9 10 |
---------------+-------------------------------+-----
Unarmed Combat | 1 2 3 4 5 6 7 9 11 | 11.0
Fighting       | 2 3 5 |  5.7
Shapeshifting  | 1 3 5 6 |  6.4
Spellcasting   | 1 3 |  3.0
Ice Magic      | 1 3 |  3.2
Dodging        | |  2.3
Stealth        | |  1.3
Evocations     | |  3.2

Action                     |  1- 3 |  4- 6 |  7- 9 | 10-12 || total
---------------------------+-------+-------+-------+-------++-------
  Melee: Unarmed           |    93 |    94 |   168 |    74 ||   429
         Tentacles         |    17 |    17 |    31 |    18 ||    83
         Constrict         |    19 |    15 |    40 |     8 ||    82
         Punch             |     5 |     5 |    15 |     3 ||    28
  Evoke: Wand              |     1 |     9 |    26 |    10 ||    46
    Use: Potion            |       |       |     3 |     1 ||     4
         Scroll            |       |       |       |     6 ||     6
   Stab: Sleeping          |    11 |     9 |     6 |       ||    26
         Paralysed         |       |       |     4 |     3 ||     7
 Armour: Skin              |    41 |    33 |    93 |    42 ||   209
  Dodge: Dodged            |    64 |    48 |    96 |    43 ||   251
   Form: Beast             |       |       |     1 |       ||     1
